 Dungeon Crawl Stone Soup version 0.26-a0-1222-g14533b3512 (console) character file.

Game seed: 13319370054932473917

3950 casual the Nimble (level 10, -1/204 HPs)
             Began as a Troll Delver on Dec 31, 2020.
             Was a Believer of Cheibriados.
             Succumbed to a queen ant's poison
             ... on level 8 of the Dungeon.
             The game lasted 00:09:03 (6670 turns).

casual the Nimble (Troll Delver)                    Turns: 6670, Time: 00:09:03

Health: -1/204     AC: 25    Str: 27    XL:     10   Next: 2%
Magic:  9/9        EV:  1    Int: 14    God:    Cheibriados [**....]
Gold:   522        SH:  0    Dex: 16    Spells: 9/9 levels left

rFire    + . .     SeeInvis .     - Unarmed
rCold    + . .     Faith    .   (no shield)
rNeg     + + +     Spirit   .   (armour currently unavailable)
rPois    +         Reflect  .   (helmet currently unavailable)
rElec    +         Harm     .   (cloak currently unavailable)
rCorr    +         Rampage  .   (gloves unavailable)
Will     .....     NoTele   +   (boots unavailable)
Stlth    ..........             H - amulet of magic regeneration
HPRegen  0.84/turn              (no ring)
MPRegen  0.36/turn              (no ring)

@: berserking, lethally poisoned (-1 -> -15), tree-form, resistant, attractive,
very slow
A: large, unfitting armour, deterioration 1, regeneration 1
a: Renounce Religion, Bend Time


You were on level 8 of the Dungeon.
You worshipped Cheibriados.
Cheibriados was pleased with you.
You were a tree.
You visited 2 branches of the dungeon, and saw 9 of its levels.

You collected 522 gold pieces.

Inventory:

Hand Weapons
 k - a +0 whip of electrocution
Missiles
 x - 3 atropa-tipped darts
Armour
 a - a +0 robe
 n - a +2 cloak (melded)
 v - a scarf of invisibility
 D - a cursed +0 robe (melded)
Jewellery
 q - an uncursed ring of wizardry
 H - an amulet of magic regeneration (around neck)
Wands
 f - a wand of digging (3)
 i - a wand of flame (19) (quivered)
 j - a wand of acid (30)
 u - a wand of iceblast (4)
 z - a wand of paralysis (9)
 I - a wand of enslavement (8)
Scrolls
 b - 3 scrolls of fog
 c - 3 scrolls of magic mapping
 g - 2 scrolls of teleportation
 h - a scroll of amnesia {unknown}
 l - 2 scrolls of enchant weapon {unknown}
 o - 6 scrolls of identify
 s - 7 scrolls of blinking
 y - 4 scrolls of remove curse
 A - 3 scrolls of random uselessness
 F - 2 scrolls of immolation {unknown}
 J - a scroll of enchant armour
Potions
 d - a potion of degeneration {unknown}
 e - 3 potions of haste
 m - a potion of lignification
 t - a potion of invisibility {unknown}
 G - a potion of magic


   Skills:
 - Level 3.2 Fighting
 + Level 10.7 Dodging
 - Level 2.7 Stealth
 - Level 6.8 Unarmed Combat


You had 9 spell levels left.
You didn't know any spells.
Your spell library contained the following spells:

 Spells                   Type           Power        Failure   Level
 Foxfire                  Conj/Fire      0%           28%         1
 Conjure Flame            Conj/Fire      0%           65%         3
 Inner Flame              Hex/Fire       0%           65%         3
 Sticky Flame             Conj/Fire      0%           96%         4
 Fireball                 Conj/Fire      0%           100%        5


Dungeon Overview and Level Annotations

Branches:
Dungeon (8/15)             Temple (1/1) D:5
   Lair: D:8-11

Altars:
Ashenzari
Cheibriados
Dithmenos
Elyvilon
Fedhas
Gozag
Hepliaklqana
Kikubaaqudgha
Makhleb
Nemelex Xobeh
Okawaru
Qazlal
Ru
Sif Muna
Trog
Uskayaw
Vehumet
Wu Jian
Xom
Yredelemnul
Zin
The Shining One

Shops:
D:6 *   D:8 [

Annotations:
D:3 3 runed translucent doors, Megustar's ghost, amateur DEFE


Innate Abilities, Weirdness & Mutations

You are too large for most types of armour.
((You have claws for hands.))
Your natural rate of healing is unusually fast.
((You are covered in fur. (AC +1)))
((You have extremely tough skin. (AC +3)))
((You have large cloven feet.))
Your body sometimes deteriorates upon taking damage.
((Your movements are slightly less encumbered by armour. (ER -2)))


Message History

It was a potion of magic.
Magic courses through your body.
* * * LOW HITPOINT WARNING * * *
You feel very sick.
You take 2 damage, and have 3/136 hp.
It was a potion of attraction.
You feel attractive to monsters.
* * * LOW HITPOINT WARNING * * *
You feel sick.
You take 1 damage, and have 2/136 hp.
It was a potion of mutation.
You feel extremely strange.
Your feet thicken and deform.
You feel yourself wasting away.
You feel less encumbered by your armour.
* * * LOW HITPOINT WARNING * * *
You feel sick.
You take 1 damage, and have 1/136 hp.
It was a potion of berserk rage.
A red film seems to cover your vision as you go berserk!
Cheibriados protects you from inadvertent hurry.
You feel mighty!
You die...

... ... .... . ..█ ██. ...
..>██.. .)█ ███.. ██.██.......
..███ .█ ..... █......... ....█
█.. █..███....... ....█ █..█
█...█..██..█ ...███...
█...█..██..██
)........███████..........█
.....█.....██...♣.........██
....██████.██..<.).[....█..█
....█ █.........[██.....█..██
....███...█.......███...█...███
.....█........[.........[.....█
█.█.....█......:.....█.█....<.█
████...██............███......█
.█ █...███.....█....██ ██.█.█.█
......██ █....██...██ █.._..█


There were no monsters in sight!

Vanquished Creatures
  Pikel (D:8)
  A wyvern (D:8)
  10 soldier ants (D:8)
  An ice beast (D:7)
  2 orc warriors (D:8)
  A sky beast (D:8)
  2 ogres (D:8)
  A black bear (D:6)
  2 centaurs (D:6)
  4 lemures (D:8)
  Blork the orc (D:4)
  2 water moccasin zombies
  A wyvern zombie (D:6)
  3 scorpions
  3 wights (D:8)
  2 howler monkeys (D:8)
  A jelly (D:5)
  4 hounds
  7 orc wizards
  14 worker ants
  A killer bee zombie (D:5)
  A howler monkey zombie (D:7)
  7 adders
  A white imp (D:7)
  2 ufetubi
  2 worms
  A dart slug (D:4)
  5 leopard geckos
  26 orcs
  4 ball pythons
  2 giant cockroaches
  11 goblins
  8 hobgoblins
  8 jackals
  3 quokkas
  9 bats
  5 frilled lizards
  A jackal zombie (D:6)
  5 kobolds
  A leopard gecko skeleton (D:4)
  A leopard gecko zombie (D:5)
  A quokka skeleton (D:7)
  13 rats
  A bush (D:1)
182 creatures vanquished.

Vanquished Creatures (others)
  A fungus (D:1)
  3 toadstools (D:1)
4 creatures vanquished.

Grand Total: 186 creatures vanquished

Notes
Turn   | Place    | Note
-------+----------+-------------------------------------------
     0 | D:5      | casual the Troll Delver began the quest for the Orb.
     0 | D:5      | Reached XP level 1. HP: 22/22 MP: 0/0
    12 | D:5      | Noticed an orc wizard
    15 | D:5      | Killed an orc wizard
    16 | D:5      | Reached XP level 2. HP: 27/29 MP: 1/1
    16 | D:5      | Reached XP level 3. HP: 33/36 MP: 2/2
    47 | D:5      | Reached XP level 4. HP: 42/44 MP: 3/3
   138 | D:5      | Reached skill level 5 in Unarmed Combat
   202 | D:5      | Reached XP level 5. HP: 34/50 MP: 4/4
   294 | D:5      | Found a staircase to the Ecumenical Temple.
   303 | Temple   | Entered the Ecumenical Temple
   544 | Temple   | meem: I'm meem, an infobot run by MalcolmRoseGaming: Type
                  | !submeem to keep me in your games; !nomeem to shut me up
                  | forever; !meem for help; !whymeem if you want to know why
                  | meem exists. Visit http://youtube.com/malcolmrosegaming for
                  | more DCSS content.
  1705 | D:2      | Found a basalt altar of Yredelemnul.
  2316 | D:3      | Reached XP level 6. HP: 59/59 MP: 5/5
  2359 | D:3      | Reached skill level 2 in Dodging
  2627 | D:3      | Found a runed translucent gate.
  2627 | D:3      | Found a runed translucent gate.
  2627 | D:3      | Found a runed translucent gate.
  2628 | D:3      | Noticed Megustar's ghost (amateur DEFE)
  2917 | D:4      | Found a glowing golden altar of the Shining One.
  3143 | D:4      | Found an iron altar of Okawaru.
  3285 | D:4      | Noticed Blork the orc
  3292 | D:4      | Killed Blork the orc
  3293 | D:4      | Reached skill level 3 in Dodging
  3293 | D:4      | Reached XP level 7. HP: 63/67 MP: 6/6
  3693 | D:5      | Found a radiant altar of Vehumet.
  3693 | D:5      | Found a snail-covered altar of Cheibriados.
  3820 | D:5      | Became a worshipper of Cheibriados the Contemplative
  4388 | D:6      | Reached skill level 4 in Dodging
  4485 | D:6      | Found Jujauwk's General Store.
  4627 | D:6      | Reached skill level 5 in Dodging
  4785 | D:6      | Reached XP level 8. HP: 59/75 MP: 7/7
  4912 | D:6      | Found a shimmering blue altar of Sif Muna.
  5300 | D:7      | Reached skill level 6 in Dodging
  5477 | D:7      | Reached * piety under Cheibriados
  5515 | D:7      | Found an ancient bone altar of Kikubaaqudgha.
  5665 | D:7      | Found a sacrificial altar of Ru.
  5666 | D:7      | Found a burning altar of Makhleb.
  5669 | D:7      | Found a glowing silver altar of Zin.
  5670 | D:7      | Found a shimmering altar of Xom.
  5939 | D:8      | Noticed Pikel
  5954 | D:8      | HP: 2/75 [lemure[Pikel] (6)]
  5978 | D:8      | HP: 2/75 [orc warrior/+0 short sword (15)]
  5995 | D:8      | Found a shadowy altar of Dithmenos.
  6095 | D:8      | Killed Pikel
  6096 | D:8      | Reached skill level 7 in Dodging
  6118 | D:8      | Reached skill level 8 in Dodging
  6118 | D:8      | Reached XP level 9. HP: 50/83 MP: 8/8
  6295 | D:8      | Found Voskeipyth's Antique Armour Shoppe.
  6298 | D:8      | Found an opulent altar of Gozag.
  6321 | D:8      | Reached ** piety under Cheibriados
  6521 | D:8      | Reached skill level 9 in Dodging
  6603 | D:8      | Reached skill level 10 in Dodging
  6641 | D:8      | Noticed a queen ant
  6650 | D:8      | Reached XP level 10. HP: 41/91 MP: 9/9
  6666 | D:8      | HP: 5/136 [poisoned by a queen ant]
  6668 | D:8      | HP: 2/136 [poisoned by a queen ant]
  6669 | D:8      | Gained mutation: You have large cloven feet. [potion of
                  | mutation]
  6669 | D:8      | Gained mutation: Your body sometimes deteriorates upon
                  | taking damage. [potion of mutation]
  6669 | D:8      | Gained mutation: Your movements are slightly less
                  | encumbered by armour. (ER -2) [potion of mutation]
  6670 | D:8      | Succumbed to a queen ant's poison

Illustrated notes

Levels and vault maps discovered:
D:1:      dpeg_arrival_three_same_balls, layout_loops_ring, minmay_hedge_maze,
          minmay_statues_item, solitary_fountain, minmay_gold_behind_fungi
D:2:      layout_loops_ring, yredelemnul_altar_generic
D:3:      layout_basic, gammafunk_ghost_nasty_kobolds, minmay_vboxes
D:4:      layout_basic, nicolae_overflow_crystal_walls, kennysheep_mini,
          uniq_blork_the_orc
D:5:      layout_loops_ring, gammafunk_temple_overflow_wave,
          minmay_temple_entry_hall, serial_rivers,
          chequers_serial_rivers_room_a, chequers_serial_rivers_small_3,
          chequers_serial_rivers_micro_e, chequers_serial_rivers_micro_a,
          chequers_serial_rivers_micro_b, chequers_serial_rivers_micro_e,
          hangedman_abyss_or_decor_stagger, grunt_tough_drop
D:6:      layout_basic, tgw_sif, serial_shops, shop
D:7:      layout_rooms, nicolae_overflow_hidden_temple, minitemple
D:8:      layout_cave_pools, lemuel_crystal_altar, lemuel_crystal_altar,
          serial_shops, nicolae_shop_crystal, minivault_29, uniq_pikel
Temple:   compressed_dpeg_triangle_lava_temple

Skill      XL: |  1  2  3  4  5  6  7  8  9 |
---------------+----------------------------+-----
Unarmed Combat | 3 4 5 6 |  6.8
Dodging        | 3 5 8 10 | 10.7
Fighting       | 3 |  3.2
Stealth        | |  2.7

Action                   |  1- 3 |  4- 6 |  7- 9 | 10-12 || total
-------------------------+-------+-------+-------+-------++-------
Melee: Unarmed           |    25 |   251 |   313 |    12 ||   601
       Punch             |       |     8 |    10 |     1 ||    19
Evoke: Wand              |       |       |     6 |       ||     6
  Use: Scroll            |       |       |     8 |     1 ||     9
       Potion            |       |       |     8 |     6 ||    14
 Stab: Sleeping          |       |    19 |     5 |       ||    24
Armor: Robe              |     8 |    80 |    91 |     1 ||   180
Dodge: Dodged            |    12 |    88 |   183 |     5 ||   288

Table legend: (Time is in decaauts)
 A = Elapsed time spent in this place.
 B = Non-inter-level travel time spent in this place.
 C = Inter-level travel time spent in this place.
 D = Time resting spent in this place.
 E = Time spent auto-exploring this place.
 F = Levels seen in this place.
 G = Mean time per level.
                   A        B        C        D        E       F      G
               +--------+--------+--------+--------+--------+-----+--------+
         Total |   7298 |   6827 |    471 |    406 |   5132 |   9 |  810.9 |
       Dungeon |   7049 |   6586 |    463 |    406 |   4892 |   8 |  881.1 |
        Temple |    248 |    240 |      8 |      0 |    240 |   1 |  248.0 |
               +--------+--------+--------+--------+--------+-----+--------+

Top non-repeatable levels by time:
     D:5: 1290 daAuts
     D:6: 1160 daAuts
     D:7: 863 daAuts
     D:8: 855 daAuts
     D:3: 798 daAuts
     D:1: 769 daAuts
     D:4: 707 daAuts
     D:2: 603 daAuts
  Temple: 248 daAuts
